 Dungeon Crawl Stone Soup version 0.28.0 (webtiles) character file.

Game seed: 14960241241929840788

74114 freelancePsychic the Unseen (level 15, -4/87 HPs)
             Began as a Vine Stalker Delver on Feb 17, 2022.
             Was the Champion of Dithmenos.
             Slain by an orc warlord (29 damage)
             ... on level 2 of the Orcish Mines.
             The game lasted 00:51:04 (19239 turns).

freelancePsychic the Unseen (Vine Stalker Delver)  Turns: 19239, Time: 00:51:05

Health: -4/87      AC: 12    Str: 29    XL:     15   Next: 45%
Magic:  0/18       EV: 17    Int: 10    God:    Dithmenos [******]
Gold:   2460       SH: 13    Dex: 18    Spells: 14/14 levels left

rFire   + + .      SeeInvis +   a - +2 dagger (elec)
rCold   + + .      Faith    .   N - +1 kite shield {rC+}
rNeg    . . .      Spirit   +   C - +0 steam dragon scales
rPois   .          Reflect  .   T - +1 helmet
rElec   .          Harm     .   x - +0 cloak
rCorr   .          Rampage  .   Y - +0 pair of gloves of Least Resistance {Will- Str+6 SInv Stlth+}
Will    .....                   F - +1 pair of boots "Uhirgh" {rF+ rC+ Str+3} Stlth ******++++
                                R - amulet of regeneration
HPRegen 1.84/turn               r - +4 ring of evasion
MPRegen 0.16/turn               J - ring of protection from fire

@: wreathed by umbra
A: fangs 3, regeneration 1, magic shield, antimagic bite, no potion heal 2
a: Renounce Religion, Shadow Step, Shadow Form


You were on level 2 of the Orcish Mines.
You worshipped Dithmenos.
Dithmenos was exalted by your worship.
You visited 3 branches of the dungeon, and saw 20 of its levels.
You also visited: Gauntlet, Ice Cave and Volcano.

You collected 2460 gold pieces.

Inventory:

Hand Weapons
 a - a +2 dagger of electrocution (weapon)
 b - a +2 scimitar of flaming
 P - a +6 double sword
Missiles
 z - 7 javelins
Armour
 m - a +1 pair of boots
 x - a +0 cloak (worn)
 C - +0 steam dragon scales (worn)
 F - the +1 pair of boots "Uhirgh" (worn) {rF+ rC+ Str+3}
   (You found it in a Gauntlet)

   Str:       It affects your strength (+3).
   rF:        It protects you from fire.
   rC:        It protects you from cold.
 N - a +1 kite shield of cold resistance (worn)
 T - a +1 helmet (worn)
 Y - the +0 pair of gloves of Least Resistance (worn) {Will- Str+6 SInv Stlth+}
   (You found it on level 6 of the Lair of Beasts)

   Str:       It affects your strength (+6).
   SInv:      It lets you see invisible.
   Will:      It decreases your willpower.
   Stlth:     It makes you more stealthy.
Jewellery
 r - a +4 ring of evasion (left hand)
 u - a ring of ice
 y - a ring of resist corrosion
 I - a +6 ring of intelligence
 J - a ring of protection from fire (right hand)
 K - a ring of see invisible
 Q - a ring of fire
 R - an amulet of regeneration (around neck)
 V - an amulet of faith
Wands
 f - a wand of paralysis (9)
 g - a wand of digging (6)
 L - a wand of iceblast (12)
 X - a wand of flame (4) {@v2}
Scrolls
 c - 5 scrolls of fog
 d - 3 scrolls of vulnerability
 e - a scroll of fear
 j - a scroll of magic mapping
 k - 7 scrolls of noise
 p - 2 scrolls of amnesia
 B - 4 scrolls of teleportation {@r4}
 D - a scroll of brand weapon
 E - a scroll of silence
 W - 2 scrolls of blinking
 Z - 2 scrolls of immolation
Potions
 i - 5 potions of heal wounds {@q2}
 l - 12 potions of haste {@q3}
 n - 7 potions of mutation
 o - a potion of resistance
 q - 4 potions of might {unknown}
 s - 8 potions of curing {@q1}
 v - a potion of cancellation {unknown}
 w - 4 potions of flight
 A - 2 potions of brilliance
 G - 3 potions of degeneration {unknown}
 H - 3 potions of attraction {unknown}
 S - 2 potions of lignification {unknown}
 U - a potion of magic {unknown}
Miscellaneous
 h - a phantom mirror (inert)
 M - a lightning rod (inert)
 O - a phial of floods (quivered)


   Skills:
 + Level 13.7 Fighting
 - Level 10.0 Short Blades
 - Level 4.2 Armour
 - Level 4.6 Dodging
 + Level 19.3 Stealth
 + Level 10.1 Shields
 - Level 0.5 Summonings
 - Level 3.4 Invocations
 + Level 4.4 Evocations


You had 14 spell levels left.
You didn't know any spells.
Your spell library contained the following spells:

 Spells                   Type           Power      Damage    Failure   Level
 Foxfire                  Conj/Fire      0%         2x1d4     63%         1
 Freeze                   Ice            0%         1d3       63%         1
 Magic Dart               Conj           0%         1d3       63%         1
 Slow                     Hex            0%         N/A       63%         1
 Blink                    Tloc           0%         N/A       77%         2
 Corpse Rot               Necr/Air       0%         N/A       77%         2
 Poisonous Vapours        Pois/Air       0%         N/A       77%         2
 Scorch                   Fire           0%         2d5       77%         2
 Searing Ray              Conj           0%         2d4       77%         2
 Call Canine Familiar     Summ           1%         N/A       90%         3
 Summon Guardian Golem    Hex/Summ       0%         N/A       92%         3
 Confusing Touch          Hex            0%         N/A       94%         3
 Conjure Flame            Conj/Fire      0%         6-21      94%         3
 Frozen Ramparts          Ice            0%         1d2       94%         3
 Inner Flame              Hex/Fire       0%         N/A       94%         3
 Lesser Beckoning         Tloc           0%         N/A       94%         3
 Portal Projectile        Hex/Tloc       0%         N/A       94%         3
 Swiftness                Air            0%         N/A       94%         3
 Vampiric Draining        Necr           0%         2d6       94%         3
 Cause Fear               Hex            0%         N/A       100%        4
 Flame Wave               Conj/Fire      0%         2d4       100%        4
 Fulminant Prism          Conj/Hex       0%         3d6       100%        4
 Hailstorm                Conj/Ice       0%         3d3       100%        4
 Ice Form                 Ice/Tmut       0%         N/A       100%        4
 Leda's Liquefaction      Hex/Erth       0%         N/A       100%        4
 Alistair's Intoxication  Tmut/Pois      0%         N/A       100%        5
 Borgnjor's Vile Clutch   Necr/Erth      0%         N/A       100%        5
 Freezing Cloud           Conj/Ice/Air   0%         6-21      100%        5
 Manifold Assault         Tloc           0%         N/A       100%        5
 Eringya's Noxious Bog    Tmut/Pois      0%         N/A       100%        6
 Simulacrum               Ice/Necr       0%         N/A       100%        6
 Summon Cactus Giant      Summ           0%         N/A       100%        6
 Dragon Form              Tmut           0%         N/A       100%        7
 Orb of Destruction       Conj           0%         9d5       100%        7
 Spellforged Servitor     Conj/Summ      0%         N/A       100%        7
 Storm Form               Tmut/Air       0%         N/A       100%        7
 Dragon's Call            Summ           0%         N/A       100%        9
 Polar Vortex             Ice            0%         N/A       100%        9


Dungeon Overview and Level Annotations

Branches:
Dungeon (12/15)            Temple (0/1) D:6            Lair (6/6) D:10
  Swamp (0/4) Lair:4        Snake (0/4) Lair:2        Slime (0/5) Lair:6
    Orc (2/2) D:12            Elf (0/3) Orc:2         IceCv (visited)
Volcano (visited)         Gauntlet (visited)

Altars:
Dithmenos
Elyvilon
Makhleb
Qazlal
Trog

Shops:
D:9 *

Portals:
Hell: Lair:6

Annotations:
D:7 Harold
Lair:2 2 transporters, browni3141's ghost, journeyman MiBe


Innate Abilities, Weirdness & Mutations

You have razor-sharp teeth.
Your natural rate of healing is unusually fast.
When hurt, damage is shared between your health and your magic reserves.
Your bite disrupts and absorbs the magic of your enemies.
Potions cannot restore your health.


Message History

Aim: an orc warlord, wielding a +2 vorpal battleaxe and wearing a +3 plate armour of poison resistance (moderately wounded, umbra)
The thunderbolt hits the orc warlord!!
The orc warlord is heavily wounded.
The thunderbolt hits the orc wizard!!
You kill the orc wizard!
Dithmenos accepts your kill.
The lightning rod overheats!
The orc warlord hits you with a +2 vorpal battleaxe!!
You emit a cloud of dark smoke.
Unknown command.
Unknown command.
Unknown command.
Unknown command.
Unknown command.
The lightning rod is presently inert.
You hit the orc warlord but do no damage.
Your bite misses the orc warlord.
The orc warlord is heavily wounded.
Your shadow hits the orc warlord but does no damage.
You hit the orc warlord but do no damage.
You bite the orc warlord. You drain its power.
You feel invigorated.
The orc warlord is heavily wounded.
You block the orc warlord's attack.
You completely miss the orc warlord.
You bite the orc warlord, but do no damage.
The orc warlord is heavily wounded.
Your shadow hits the orc warlord with a dagger.
The orc warlord hits you with a +2 vorpal battleaxe!
You hit the orc warlord but do no damage.
Lightning courses through the orc warlord!
The orc warlord is heavily wounded.
You hit the orc warlord but do no damage.
You bite the orc warlord, but do no damage.
The orc warlord is heavily wounded.
The orc warlord hits you with a +2 vorpal battleaxe!!!
* * * LOW HITPOINT WARNING * * *
You emit a cloud of dark smoke.
* * * LOW HITPOINT WARNING * * *
The orc warlord hits you with a +2 vorpal battleaxe!!
You die...

## ##.##### ######## #....#.##
###.##.#.## #.......##
##....##...# .........#
#.........## ........#
##.§§§§....#
........####.#§§§§§.[####
....))...##.).§§@o§<.#..####
....))...##...§§§§§).....#.##
....)))......§§§§##$).......#
..........)[.§...##..))....##
...#......[..§..#####.......#
..###.....).)#[####..o.....##
.. #<.........#.#.......##.## .
..............#.......#...# ##
.
........##.....##....#....####.


You could see an orc warlord.

Vanquished Creatures
  Rupert (Lair:6)
  Nessos (Lair:6)
  A red draconian (Volcano)
  7 hydras
  2 catoblepae
  4 two-headed ogres
  7 death yaks
  An orc high priest (Orc:2)
  Urug (Lair:5)
  A salamander mystic (Volcano)
  2 bog bodies (IceCv)
  A wizard (Lair:6)
  An orc knight (Orc:1)
  A deep elf pyromancer (D:11)
  An orc sorcerer (Orc:2)
  An oklob plant (D:10)
  A cyclops (D:10)
  6 salamanders (Volcano)
  3 black mambas
  13 elephants
  2 ice statues
  16 cane toads
  Maggie (D:7)
  An orange demon (Lair:6)
  A smoke demon (Lair:6)
  2 torpor snails (Lair:6)
  7 rime drakes
  10 komodo dragons
  2 kobold demonologists
  A red devil (Lair:6)
  2 freezing wraiths
  An entropy weaver simulacrum (IceCv)
  5 ice devils
  6 trolls
  A tyrant leech (Lair:4)
  4 slime creatures (D:12)
  A hornet (D:8)
  11 polar bears
  12 dream sheep
  20 blink frogs
  Prince Ribbit (D:6)
  9 flying skulls (Gauntlet)
  2 vampires
  A shadow (D:11)
  5 wyverns
  2 wraiths (D:9)
  28 yaks
  A steam dragon (D:8)
  3 death yak simulacra (IceCv)
  5 basilisks
  4 vampire mosquitoes
  A harpy simulacrum (IceCv)
  4 wargs
  4 nagas (Lair:2)
  An acid dragon (D:11)
  A swamp worm (Lair:4)
  14 water moccasins
  3 hell hounds (Lair:6)
  16 orc warriors
  2 black bears
  4 necrophages (D:6)
  6 ogres
  11 wolves
  8 centaurs
  3 kobold brigands
  14 bullfrogs
  8 two-headed ogre simulacra (IceCv)
  4 scorpions
  3 cane toad simulacra (IceCv)
  A wyvern skeleton (D:7)
  A water moccasin skeleton (D:5)
  11 killer bees (D:10)
  2 elephant simulacra (IceCv)
  8 wights (D:9)
  2 howler monkeys (D:9)
  5 centaur zombies
  3 hounds
  3 jellies
  9 orc priests
  2 centaur skeletons
  A gnoll shaman (D:7)
  5 hell rats (Lair:2)
  7 iguanas
  22 orc wizards
  2 polar bear simulacra (IceCv)
  7 spriggan simulacra (IceCv)
  5 troll simulacra (IceCv)
  A wolf simulacrum (IceCv)
  A hound zombie (D:5)
  12 gnolls
  2 howler monkey skeletons
  10 adders
  3 naga simulacra (IceCv)
  3 river rats (Lair:2)
  8 white imps
  10 ufetubi
  2 dart slugs
  63 orcs
  10 endoplasms
  3 giant cockroaches
  9 goblins
  5 hobgoblins
  2 jackals (D:3)
  6 quokkas
  4 ball pythons
  6 bats
  5 frilled lizards
  18 kobolds
  9 rats
618 creatures vanquished.

Vanquished Creatures (collateral kills)
  A minotaur (Gauntlet)
  A sun demon (Lair:6)
2 creatures vanquished.

Vanquished Creatures (others)
  A komodo dragon (Lair:6)
  38 fungi
  68 plants
107 creatures vanquished.

Grand Total: 727 creatures vanquished

Notes
Turn   | Place    | Note
-------+----------+-------------------------------------------
     0 | D:5      | freelancePsychic the Vine Stalker Delver began the quest
                  | for the Orb.
     0 | D:5      | Reached XP level 1. HP: 11/11 MP: 2/2
    25 | D:5      | Reached XP level 2. HP: 2/16 MP: 1/3
   409 | D:3      | Found a bloodstained altar of Trog.
   440 | D:4      | Found a shadowy altar of Dithmenos.
   446 | D:4      | Found a white marble altar of Elyvilon.
   450 | D:4      | Found a burning altar of Makhleb.
   460 | D:4      | Became a worshipper of Dithmenos the Shadowed
   723 | D:3      | Reached XP level 3. HP: 20/20 MP: 4/4
  1182 | D:3      | Gained mutation: Your natural rate of healing is unusually
                  | fast. [Vine Stalker growth]
  1182 | D:3      | Reached XP level 4. HP: 19/24 MP: 3/5
  1861 | D:2      | Reached * piety under Dithmenos
  1988 | D:2      | Found a stormy altar of Qazlal.
  2091 | D:1      | Found a faded altar of an unknown god.
  2210 | D:1      | Got the Incunabulum of Transmigration and Weightlessness
  2545 | D:1      | Reached XP level 5. HP: 28/28 MP: 6/6
  3300 | D:4      | Noticed a black bear
  3309 | D:3      | Killed a black bear
  3333 | D:4      | Reached skill level 7 in Stealth
  3333 | D:4      | Reached XP level 6. HP: 10/33 MP: 4/7
  3398 | D:4      | Reached ** piety under Dithmenos
  3674 | D:4      | Reached XP level 7. HP: 33/37 MP: 8/8
  3722 | D:4      | Reached skill level 5 in Short Blades
  4433 | D:5      | Reached skill level 8 in Stealth
  4517 | D:5      | Gained mutation: You have razor-sharp teeth. [Vine Stalker
                  | growth]
  4517 | D:5      | Reached XP level 8. HP: 42/42 MP: 9/9
  4780 | D:6      | Noticed Prince Ribbit
  4817 | D:6      | Killed Prince Ribbit
  4818 | D:6      | Reached skill level 5 in Fighting
  4900 | D:6      | Found a staircase to the Ecumenical Temple.
  5310 | D:6      | Reached skill level 9 in Stealth
  5663 | D:7      | Noticed Harold
  5768 | D:7      | Reached *** piety under Dithmenos
  5769 | D:7      | Reached XP level 9. HP: 15/48 MP: 8/10
  5811 | D:7      | Noticed Maggie
  5854 | D:7      | Killed Maggie
  5951 | D:7      | Reached skill level 10 in Stealth
  6608 | D:8      | Noticed a two-headed ogre
  6644 | D:8      | Killed a two-headed ogre
  6645 | D:8      | Reached XP level 10. HP: 54/55 MP: 11/11
  6714 | D:8      | Reached skill level 11 in Stealth
  7556 | D:9      | Reached **** piety under Dithmenos
  7578 | D:9      | Found Ciucimef's Serpentskin Sales.
  7584 | D:9      | Reached skill level 10 in Short Blades
  7676 | D:9      | Noticed a kobold demonologist
  7677 | D:9      | Noticed a smoke demon
  7679 | D:9      | Killed a kobold demonologist
  7779 | D:9      | Noticed a two-headed ogre
  7784 | D:9      | Killed a two-headed ogre
  7785 | D:9      | Reached skill level 12 in Stealth
  8003 | D:9      | Reached skill level 1 in Armour
  8115 | D:10     | Entered Level 10 of the Dungeon
  8117 | D:10     | Noticed a kobold demonologist
  8123 | D:10     | Noticed a soul eater
  8145 | D:10     | Killed a kobold demonologist
  8146 | D:10     | Reached XP level 11. HP: 49/60 MP: 12/12
  8216 | D:10     | Noticed an oklob plant
  8218 | D:10     | Found a staircase to the Lair.
  8255 | D:10     | Noticed a cyclops
  8319 | D:10     | Noticed a two-headed ogre
  8373 | D:10     | Killed an oklob plant
  8374 | D:10     | Reached skill level 1 in Evocations
  8413 | D:10     | Reached ***** piety under Dithmenos
  8486 | D:10     | Killed a two-headed ogre
  8513 | D:10     | Reached skill level 13 in Stealth
  8672 | D:10     | Killed a cyclops
  8805 | D:10     | Reached skill level 1 in Invocations
  8829 | D:10     | Identified the +5 falchion "Poazets" {spect, rF+}
  9174 | D:11     | Found a frozen archway.
  9182 | IceCv    | Entered an ice cave
  9466 | IceCv    | Identified the +4 long sword of True Grit {vorpal, *Noise
                  | rElec Will+}
  9707 | IceCv    | Reached XP level 12. HP: 56/66 MP: 14/14
  9722 | IceCv    | Reached ****** piety under Dithmenos
  9985 | IceCv    | Identified the +3 leather armour of Ashenzari {rElec rN+
                  | Dex-3}
 10232 | D:11     | Reached skill level 14 in Stealth
 10347 | D:11     | Reached skill level 1 in Shields
 10367 | D:11     | Noticed an eight-headed hydra
 10372 | D:11     | Killed an eight-headed hydra
 10433 | D:11     | Noticed a death knight
 10487 | Lair:1   | Entered Level 1 of the Lair of Beasts
 10569 | Lair:1   | Reached skill level 10 in Fighting
 11345 | Lair:2   | Noticed a seven-headed hydra
 11356 | Lair:2   | Found a transporter.
 11360 | Lair:2   | Noticed browni3141's ghost (journeyman MiBe)
 11373 | Lair:2   | Noticed an eight-headed hydra
 11374 | Lair:2   | Found a transporter.
 11381 | Lair:2   | Killed an eight-headed hydra
 11482 | Lair:2   | Noticed a boulder beetle
 11544 | Lair:2   | Found a staircase to the Snake Pit.
 11551 | Lair:2   | Reached skill level 15 in Stealth
 11808 | Lair:2   | Reached XP level 13. HP: 58/72 MP: 16/16
 11863 | Lair:2   | Identified the +3 leather armour of Vaohon {rC+}
 12033 | Lair:2   | Reached skill level 5 in Shields
 13102 | Lair:3   | Reached skill level 16 in Stealth
 13985 | Lair:4   | Found a staircase to the Swamp.
 14334 | Lair:5   | Noticed Urug
 14721 | Lair:5   | Killed Urug
 14722 | Lair:5   | Reached skill level 17 in Stealth
 14790 | Lair:5   | Reached XP level 14. HP: 80/80 MP: 17/17
 15327 | Lair:6   | Entered Level 6 of the Lair of Beasts
 15347 | Lair:6   | Identified the +0 pair of gloves of Least Resistance {Will-
                  | Str+6 SInv Stlth+}
 15367 | Lair:6   | Found a dark tunnel.
 15374 | Volcano  | Entered a volcano
 15407 | Volcano  | Found a burning altar of Makhleb.
 15409 | Volcano  | Noticed a red draconian
 15427 | Volcano  | Killed a red draconian
 15549 | Lair:6   | Noticed Rupert
 15555 | Lair:6   | Killed Rupert
 15608 | Lair:6   | Reached skill level 18 in Stealth
 15716 | Lair:6   | Noticed Nessos
 15718 | Lair:6   | Killed Nessos
 15746 | Lair:6   | Found a staircase to the Slime Pits.
 16622 | Lair:6   | Reached XP level 15. HP: 86/86 MP: 18/18
 16622 | Lair:6   | Found a burning altar of Makhleb.
 16627 | Lair:6   | Found a gateway to Hell.
 17621 | D:12     | Found a gate leading to a gauntlet.
 17631 | Gauntlet | Entered a Gauntlet
 17631 | Gauntlet | Found a transporter.
 17631 | Gauntlet | Found a transporter.
 17631 | Gauntlet | Found a transporter.
 17632 | Gauntlet | Found a transporter.
 17635 | Gauntlet | Found a transporter.
 17635 | Gauntlet | Found a transporter.
 17645 | Gauntlet | Found a transporter.
 17649 | Gauntlet | Found a transporter.
 17651 | Gauntlet | Found a large runed translucent door.
 17652 | Gauntlet | Found a large runed translucent door.
 17653 | Gauntlet | Found a large runed translucent door.
 17653 | Gauntlet | Found a large runed translucent door.
 17653 | Gauntlet | Found a runed translucent door.
 17654 | Gauntlet | Found a large runed translucent door.
 17655 | Gauntlet | Found a large runed translucent door.
 17656 | Gauntlet | Found a large runed translucent door.
 17656 | Gauntlet | Found a large runed translucent door.
 17657 | Gauntlet | Found a runed translucent gate.
 17659 | Gauntlet | Found a transporter.
 17760 | Gauntlet | Found a transporter.
 17764 | Gauntlet | Found a transporter.
 17766 | Gauntlet | Found a large runed translucent door.
 17767 | Gauntlet | Found a large runed translucent door.
 17768 | Gauntlet | Found a large runed translucent door.
 17768 | Gauntlet | Found a large runed translucent door.
 17768 | Gauntlet | Found a runed translucent door.
 17769 | Gauntlet | Found a large runed translucent door.
 17770 | Gauntlet | Found a large runed translucent door.
 17771 | Gauntlet | Found a large runed translucent door.
 17771 | Gauntlet | Found a large runed translucent door.
 17772 | Gauntlet | Found a runed translucent gate.
 17772 | Gauntlet | Found a runed translucent gate.
 17774 | Gauntlet | Found a transporter.
 17853 | Gauntlet | Reached skill level 19 in Stealth
 17875 | Gauntlet | Identified the +1 pair of boots "Uhirgh" {rF+ rC+ Str+3}
 18439 | D:12     | Found a staircase to the Orcish Mines.
 18450 | Orc:1    | Entered Level 1 of the Orcish Mines
 18578 | Orc:1    | Reached skill level 10 in Shields
 18709 | Orc:2    | Entered Level 2 of the Orcish Mines
 18966 | Orc:2    | Found a staircase to the Elven Halls.
 19040 | Orc:2    | Noticed an orc warlord
 19239 | Orc:2    | Slain by an orc warlord

Illustrated notes

Levels and vault maps discovered:
D:1:      lemuel_arrival_rhombus, layout_basic,
          ebering_ecumenical_altar_petrified, minmay_misc_feat_chi
D:2:      minmay_general_purpose_star, layout_basic, basic_altar,
          minmay_misc_feat_rugged
D:3:      layout_basic, trog_three_pillars_becter
D:4:      layout_loops_ring, minmay_overflow_temple_star_quad, fountainhead
D:5:      layout_basic, grunt_decor_junction
D:6:      layout_basic, minmay_temple_entry_junction, serial_corexii_hall,
          corexii_hall_statues_t, corexii_hall_statues_deadend,
          uniq_prince_ribbit1
D:7:      layout_basic, uniq_maggie, uniq_harold
D:8:      layout_loops_ring, dk_noncrumbling_3
D:9:      layout_roguey, guppyfry_shop_venom
D:10:     layout_big_octagon, dpeg_oklobed_lair, serial_bayou_lagoon_a,
          minmay_lizard_king
D:11:     layout_cave_pools, portal_ice_cave_demonic_guard
D:12:     layout_basic, orc_0_dummy, gauntlet_entry_generic,
          minmay_misc_feat_columns
Lair:1:   layout_small_grid
Lair:2:   layout_loops_ring, minmay_snake_entry_guardpost_small,
          gammafunk_ghost_berserking_beasts, serial_bayou_ford_a,
          chequers_serial_rivers_micro_c, kennysheep_abandoned_house
Lair:3:   layout_cave_shapes, grunt_megastairs_4, serial_bayou_shore_b,
          lemuel_fruit_tree
Lair:4:   layout_gridlike, palyth_hydra_swamp_entry,
          chequers_serial_rivers_micro_e
Lair:5:   layout_roguey, eino_small_chamber_without_monster,
          beast_lair_carwin_1, grunt_megastairs_1, uniq_urug
Lair:6:   evil_forest, layout_layer_cave, nicolae_slime_entry_slimehenge,
          nicolae_volcano_entry_two_sided, st_stairs_11,
          nicolae_lair_grazing_beasts [nicolae_sub_lair_graze_edge,
          nicolae_sub_lair_graze_edge, nicolae_sub_lair_graze_edge,
          nicolae_sub_lair_graze_edge], serial_bayou_shore_b,
          grunt_megastairs_3, uniq_nessos, uniq_rupert
Orc:1:    layout_caves
Orc:2:    st_orc_congregation, layout_diamond_mine, uniq_saint_roka

Skill      XL: |  1  2  3  4  5  6  7  8  9 10 11 12 13 14 15 |
---------------+----------------------------------------------+-----
Short Blades   | 2 3 4 6 7 9 10 | 10.0
Fighting       | 3 4 5 7 8 9 10 12 13 | 13.7
Stealth        | 7 8 9 10 12 13 15 17 18 19 | 19.3
Dodging        | 2 4 |  4.6
Armour         | 1 3 4 |  4.2
Evocations     | 2 4 |  4.4
Invocations    | 2 3 |  3.4
Shields        | 4 7 9 10 | 10.1
Summonings     | |  0.5

Action                   |  1- 3 |  4- 6 |  7- 9 | 10-12 | 13-15 || total
-------------------------+-------+-------+-------+-------+-------++-------
Melee: Short sword       |    73 |   135 |    50 |       |       ||   258
       Bite              |    20 |    30 |    83 |   299 |   601 ||  1033
       Punch             |     3 |     1 |     5 |    13 |       ||    22
       Dagger            |       |       |   212 |   753 |  1329 ||  2294
       Scimitar          |       |       |       |       |    12 ||    12
Throw: Throwing net      |       |       |       |     1 |       ||     1
Invok: Shadow Step       |       |       |       |       |     3 ||     3
Evoke: Wand              |       |       |     1 |     5 |    15 ||    21
       Lightning rod     |       |       |       |       |     4 ||     4
       Phial of floods   |       |       |       |       |     1 ||     1
       Phantom mirror    |       |       |       |       |     1 ||     1
  Use: Potion            |     1 |       |       |       |     1 ||     2
       Scroll            |     1 |       |     7 |     6 |    19 ||    33
 Stab: Sleeping          |     5 |    20 |    15 |    43 |    74 ||   157
       Distracted        |     2 |       |       |     5 |     4 ||    11
       Paralysed         |       |       |       |     2 |     3 ||     5
       Petrifying        |       |       |       |       |     1 ||     1
       Petrified         |       |       |       |       |     1 ||     1
Armor: Leather armour    |    16 |    25 |       |       |       ||    41
       Ring mail         |       |     2 |    20 |       |       ||    22
       Steam dragon scal |       |       |     6 |    86 |   266 ||   358
Dodge: Dodged            |    53 |    55 |   100 |   290 |   549 ||  1047
Block: Other             |    14 |    20 |    26 |    91 |       ||   151
       Reflection        |       |       |       |     8 |     1 ||     9
       Kite shield       |       |       |       |    65 |   696 ||   761
